 Dungeon Crawl Stone Soup version 0.29-a0-757-g358383bc75 (webtiles) character file.

Game seed: 8061443528080041974

37 lesbiats the Slasher (level 3, 0/8 (33) HPs)
             Began as a Meteoran Monk on July 1, 2022.
             Slain by an adder (3 damage)
             ... on level 3 of the Dungeon.
             The game lasted 00:10:06 (1582 turns).

lesbiats the Slasher (Meteoran Monk)                Turns: 1582, Time: 00:10:07

HP:   0/8 (33)      AC:  3    Str: 15    XL:     3   Next: 88%
MP:   4/4           EV: 13    Int: 11    God:
Gold: 87            SH:  0    Dex: 16    Spells: 1/2 levels left

rFire   . . .      SeeInvis .   a - +0 falchion
rCold   . . .      Faith    .   (no shield)
rNeg    . . .      Spirit   .   f - +0 leather armour
rPois   .          Reflect  .   (no helmet)
rElec   .          Harm     .   (no cloak)
rCorr   .          Rampage  .   (no gloves)
Will    .....                   (no boots)
Stlth   +.........              (no amulet)
HPRegen 0.02/turn               (no ring)
MPRegen 0.09/turn               (no ring)

@: glowing, extremely drained
A: sense surroundings 1, otherworldly, glowing, explore regen
a: no special abilities


You were on level 3 of the Dungeon.
You visited 1 branch of the dungeon, and saw 3 of its levels.

You collected 107 gold pieces.
You spent 20 gold pieces at shops.

Inventory:

Hand Weapons
 a - a +0 falchion (weapon)
 g - a +0 rapier
 j - a +0 club
 l - a +0 spear
Missiles
 n - 4 boomerangs (quivered)
Armour
 b - a +0 robe
 c - a +0 cloak
 d - a +0 ring mail
 f - a +0 leather armour (worn)
 k - a +0 leather armour
Scrolls
 e - 2 scrolls of teleportation {unknown}
 h - 4 scrolls of identify
 m - a scroll of immolation {unknown}
Potions
 i - 2 potions of heal wounds {unknown}
 o - a potion of curing {unknown}


   Skills:
 + Level 3.7 Fighting
 + Level 4.0 Long Blades
 + Level 1.6 Armour
 + Level 3.9 Dodging
 + Level 1.5 Stealth
 + Level 0.1 Poison Magic


You had one spell level left.
You knew the following spells:

 Your Spells              Type           Power      Damage    Failure   Level
a - Sting                 Tmut/Pois      0%         1d3       41%         1

Your spell library contained the following spells:

 Spells                   Type           Power      Damage    Failure   Level
 Poisonous Vapours        Pois/Air       0%         N/A       54%         2
 Olgreb's Toxic Radiance  Pois           0%         N/A       99%         4


Dungeon Overview and Level Annotations

Branches:
Dungeon (3/15) Zot: 612

Altars:

Shops:
D:1 ?


Innate Abilities, Weirdness & Mutations

You passively map a small area around you.
You are easily found by Zot.
You glow in the dark.
You regain HP and MP as you explore.


Message History

Aiming: Sting (safe; 41% risk of failure)
Press: ? - help, Shift-Dir - straight line, f - endoplasm
Aim: an endoplasm (lightly wounded, 97% to hit)
The sting hits the endoplasm.
The endoplasm partially resists.
The endoplasm is moderately wounded.
The endoplasm completely misses you.
You barely miss the endoplasm.
The endoplasm is moderately wounded.
The endoplasm freezes you.
You are frozen.
You hit the endoplasm but do no damage.
The endoplasm is moderately wounded.
The endoplasm freezes you.
You are frozen.
Ouch! That really hurt!
* * * LOW HITPOINT WARNING * * *
Unknown command.
You slash the endoplasm!
You kill the endoplasm!
Zot draws nearer.
Dive deeper or flee this branch before you suffer!
There is a stone staircase leading down, spattered with blood here.
You climb downwards.
As you enter the new level, Zot loses track of you.
Found a cloak.
There is a stone staircase leading up here.
An adder comes into view.
The adder hisses angrily.
You see here a +0 cloak.
c - a +0 cloak
There is a stone staircase leading up here.
The adder misses you. The adder attacks as you move away!
The adder bites you but does no damage. The adder bites you.
The adder bites you.
* * * LOW HITPOINT WARNING * * *
You closely miss the adder. The adder misses you.
The adder bites you but does no damage. The adder attacks as you move away!
The adder misses you. The adder attacks as you move away! The adder misses you.
The adder bites you.
You die...

* * * ###### #### ,
, #.<..# #.., *, ,,
#.##.## #.# #
#.##..###.# .#
#.###.....###..##
#S##......S@....# ,
#.##.#######.##....
#.... .# * . #..##
##* #.. , , , ,,...
#### , , ,, , , * *
*


You could see an adder.

Vanquished Creatures
  2 adders (D:2)
  A ball python (D:1)
  5 endoplasms
  A giant cockroach (D:1)
  A goblin (D:1)
  A hobgoblin (D:1)
  A quokka (D:1)
  A bat (D:1)
  2 frilled lizards (D:2)
  A kobold (D:2)
  2 rats (D:2)
18 creatures vanquished.

Notes
Turn   | Place    | Note
-------+----------+-------------------------------------------
     0 | D:1      | lesbiats the Meteoran Monk began the quest for the Orb.
     0 | D:1      | Reached XP level 1. HP: 19/19 MP: 2/2
   215 | D:1      | Reached XP level 2. HP: 21/26 MP: 3/3
   217 | D:1      | Learned a level 1 spell: Sting
   239 | D:1      | Found Jasitoz's Magic Scroll Emporium.
   330 | D:1      | Bought a scroll of identify for 20 gold pieces
   497 | D:1      | Glimpsed the power of Zot.
   506 | D:1      | Reached skill level 4 in Long Blades
   547 | D:1      | Glimpsed the power of Zot.
   565 | D:1      | You fall into a shaft and drop 1 floor!
   767 | D:2      | Reached skill level 1 in Armour
   767 | D:2      | Reached XP level 3. HP: 24/31 MP: 4/4
  1095 | D:2      | Glimpsed the power of Zot.
  1145 | D:2      | Glimpsed the power of Zot.
  1185 | D:2      | Glimpsed the power of Zot.
  1195 | D:2      | Touched by the power of Zot.
  1296 | D:2      | Glimpsed the power of Zot.
  1345 | D:2      | Glimpsed the power of Zot.
  1385 | D:2      | Glimpsed the power of Zot.
  1395 | D:2      | Touched by the power of Zot.
  1496 | D:2      | Glimpsed the power of Zot.
  1545 | D:2      | Glimpsed the power of Zot.
  1582 | D:3      | Slain by an adder

Illustrated notes

Levels and vault maps discovered:
D:1:      wheals_arrival_shading, layout_basic, serial_shops,
          nicolae_shop_stone, minmay_misc_feat_nine_boxes,
          hangedman_decor_lopped
D:2:      layout_basic
D:3:      layout_rooms, nicolae_ru_sacrificial_ziggurat, bloody_makhleb,
          nicolae_hepliaklqana_hazy_memory, grunt_decor_fettered

Skill      XL: |  1  2 |
---------------+-------+-----
Long Blades    | 4 |  4.0
Armour         | 1 |  1.6
Fighting       | |  3.7
Dodging        | |  3.9
Stealth        | |  1.5
Poison Magic   | |  0.1

Action                   || total
-------------------------++-------
Melee: Falchion          ||    58
 Cast: Sting             ||     2
  Use: Potion            ||     1
Armor: Ring mail         ||    11
       Leather armour    ||     9
Dodge: Dodged            ||    34

Table legend: (Time is in decaauts)
 A = Elapsed time spent in this place.
 B = Non-inter-level travel time spent in this place.
 C = Inter-level travel time spent in this place.
 D = Time resting spent in this place.
 E = Time spent auto-exploring this place.
 F = Levels seen in this place.
 G = Mean time per level.
                   A        B        C        D        E       F      G
               +--------+--------+--------+--------+--------+-----+--------+
         Total |   1587 |   1587 |      0 |      0 |    762 |   3 |  529.0 |
       Dungeon |   1587 |   1587 |      0 |      0 |    762 |   3 |  529.0 |
               +--------+--------+--------+--------+--------+-----+--------+

Top non-repeatable levels by time:
     D:2: 1003 daAuts
     D:1: 567 daAuts
     D:3: 16 daAuts
